 Dungeon Crawl Stone Soup version 0.29.1-15-g9cfb28693d (webtiles) character file.

Game seed: 14429483257999030565

1194 booth the Cudgeller (level 8, -4/61 HPs)
             Began as a Demonspawn Gladiator on Mar 11, 2023.
             Slain by a yak (12 damage)
             ... on level 5 of the Dungeon.
             The game lasted 00:37:21 (4158 turns).

booth the Cudgeller (Demonspawn Gladiator)          Turns: 4158, Time: 00:37:21

Health: -4/61      AC:  7    Str: 23    XL:     8   Next: 20%
Magic:  8/8        EV: 14    Int:  9    God:
Gold:   263        SH:  0    Dex: 15    Spells: 7/7 levels left

rFire   + . .      SeeInvis .   p - +7 whip "Anotan Delu" {freeze, rF+}
rCold   . . .      Faith    .   (no shield)
rNeg    . . .      Spirit   .   b - +0 leather armour
rPois   .          Reflect  .   c - +0 helmet
rElec   .          Harm     .   A - +1 cloak
rCorr   .          Rampage  .   o - +0 pair of gloves
Will    .....                   (no boots)
Stlth   +.........              (no amulet)
HPRegen 0.20/turn               s - +6 ring of strength
MPRegen 0.11/turn               (no ring)

@: no status effects
A: ignite blood 2, powered by pain 2, weakness stinger 2
a: no special abilities


You were on level 5 of the Dungeon.
You visited 1 branch of the dungeon, and saw 5 of its levels.

You collected 263 gold pieces.

Inventory:

Hand Weapons
 a - a +0 war axe
 p - the +7 whip "Anotan Delu" (weapon) {freeze, rF+}
   (You found it on level 2 of the Dungeon)

   It freezes those it strikes, dealing additional cold damage.
   It can also slow down cold-blooded creatures.
   rF:        It protects you from fire.
Missiles
 d - a throwing net
 e - 4 javelins (quivered)
Armour
 b - a +0 leather armour (worn)
 c - a +0 helmet (worn)
 o - a +0 pair of gloves (worn)
 w - +0 ice dragon scales
 A - a +1 cloak (worn)
Jewellery
 s - a +6 ring of strength (left hand)
Wands
 q - a wand of polymorph (8)
Scrolls
 h - 2 scrolls of magic mapping
 i - 4 scrolls of fear
 j - a scroll of fog
 k - a scroll of immolation {unknown}
 t - a scroll of poison {unknown}
 u - a scroll of silence {unknown}
 y - a scroll of identify
Potions
 f - a potion of heal wounds
 g - a potion of ambrosia
 l - a potion of berserk rage
 m - 3 potions of curing
 n - a potion of haste {unknown}
 r - a potion of attraction
 x - a potion of cancellation {unknown}
 z - a potion of invisibility {unknown}
 B - a potion of magic {unknown}


   Skills:
 + Level 4.7 Fighting
 - Level 3.0(4.5) Axes
 * Level 5.2(5.6) Maces & Flails
 + Level 4.2 Throwing
 + Level 4.9 Dodging


You had 7 spell levels left.
You didn't know any spells.
Your spell library contained the following spells:

 Spells                   Type           Power      Damage    Failure   Level
 Sandblast                Erth           0%         2d4       43%         1
 Passwall                 Tmut/Erth      0%         N/A       56%         2
 Stone Arrow              Conj/Erth      0%         3d7       80%         3


Dungeon Overview and Level Annotations

Branches:
Dungeon (5/15)
 Temple: D:4-7

Altars:
Vehumet
Yredelemnul

Shops:
D:4 !

Annotations:
D:3 3 runed translucent doors, mkat's ghost, amateur MeTm
D:5 3 runed translucent doors, nshep25's ghost, novice DECj


Innate Abilities, Weirdness & Mutations

Your demonic aura often causes spilled blood to erupt in flames.
You sometimes gain power by taking damage.
You have a tail ending in a sharp stinger.


Message History

You feel agile.
Your demonic ancestry asserts itself...
You feel even more energised by your suffering.
You barely miss the yak. You tail-slap the yak.
The yak is lightly wounded.
You barely miss the yak.
Your tail-slap misses the yak.
You punch the yak.
The yak is heavily wounded.
The yak barely misses you. The yak gores you!
* * * LOW HITPOINT WARNING * * *
You barely miss the yak.
The yak is lightly wounded.
The yak gores you.
* * * LOW HITPOINT WARNING * * *
The yak closely misses you.
You feel much better. The yak closely misses you. The yak barely misses you.
The yak is engulfed in blazing flames.
The yak gores you but does no damage.
You whack the yak! You freeze the yak.
The yak is almost dead.
The yak gores you.
* * * LOW HITPOINT WARNING * * *
The yak is engulfed in blazing flames.
You kill the yak!
The yak is engulfed in blazing flames.
The yak gores you!
* * * LOW HITPOINT WARNING * * *
Your Maces & Flails skill increases to level 5!
As you read the scroll labelled BOFUNO XACVAUKH, it crumbles to dust.
Wisps of shadow whirl around you...
It was a scroll of summoning.
The yak closely misses your phantom.
The yak gores you but does no damage. x2
You hit the yak. You freeze the yak. You tail-slap the yak!
Your punch misses the yak.
The yak is heavily wounded.
Your scorpion stings the yak but does no damage.
You hit the yak. You freeze the yak.
The yak is severely wounded.
Your scorpion closely misses the phantom.
Your phantom is engulfed in blazing flames.
Your phantom hits the yak. The yak closely misses your phantom.
The yak is engulfed in blazing flames.
You kill the yak!
The yak gores you!
You die...

$..KKK+...<.##...###....
?.###K+..##......#YY..!.
#..KKK#..# #...........#
##.8W##.####.....#
.#####.....#.....#
.................#
..............sY##
.....#.#......WYW#
.....###..##..Y☼@#
....## #..##..s### #.###
##..#...# ### ##....##
#..)## #####


You could see 3 yaks, a phantom (ally target), a friendly phantom (summoned) and
2 friendly scorpions.

Vanquished Creatures
  Prince Ribbit (D:5)
  3 yaks (D:5)
  An ice beast (D:4)
  A sky beast (D:5)
  An ogre (D:5)
  A centaur (D:5)
  A scorpion (D:5)
  2 hounds
  3 iguanas
  Terence (D:2)
  7 gnolls
  2 worms
  2 dart slugs
  12 orcs
  5 ball pythons
  3 bats
  6 endoplasms
  2 giant cockroaches
  7 goblins
  6 hobgoblins
  4 quokkas (D:1)
  2 frilled lizards (D:3)
  8 kobolds
  8 rats
  A spectral orc (D:4)
90 creatures vanquished.

Vanquished Creatures (others)
  3 fungi (D:5)
  A plant (D:5)
4 creatures vanquished.

Grand Total: 94 creatures vanquished

Notes
Turn   | Place    | Note
-------+----------+-------------------------------------------
     0 | D:1      | booth the Demonspawn Gladiator began the quest for the Orb.
     0 | D:1      | Reached XP level 1. HP: 16/16 MP: 1/1
   222 | D:1      | Gained mutation: You have a small tail. [demonic ancestry]
   222 | D:1      | Reached XP level 2. HP: 19/22 MP: 2/2
   228 | D:1      | Found a faded altar of an unknown god.
   819 | D:2      | Gained mutation: You have a tail ending in a sharp stinger.
                  | [demonic ancestry]
   819 | D:2      | Reached XP level 3. HP: 28/28 MP: 3/3
  1011 | D:2      | Identified the +7 whip "Anotan Delu" {freeze, rF+}
  1209 | D:2      | Reached skill level 1 in Maces & Flails
  1209 | D:2      | Gained mutation: Your demonic aura sometimes causes spilled
                  | blood to erupt in flames. [demonic ancestry]
  1209 | D:2      | Reached XP level 4. HP: 14/34 MP: 4/4
  1396 | D:2      | Noticed Terence
  1401 | D:2      | Killed Terence
  2021 | D:3      | Found a runed translucent gate.
  2022 | D:3      | Found a runed translucent gate.
  2022 | D:3      | Identified the +1 leather armour of the Past {*Corrode Fly
                  | rC- Slay+6}
  2035 | D:3      | Noticed mkat's ghost (amateur MeTm)
  2038 | D:3      | Found a runed translucent gate.
  2438 | D:4      | Gained mutation: You sometimes gain a little power by
                  | taking damage. [demonic ancestry]
  2438 | D:4      | Reached XP level 5. HP: 35/41 MP: 5/5
  2488 | D:4      | Noticed an ice beast
  2498 | D:4      | Killed an ice beast
  2499 | D:4      | Reached skill level 2 in Maces & Flails
  2611 | D:4      | Found Cuev's Distillery.
  2763 | D:4      | Reached XP level 6. HP: 35/47 MP: 6/6
  3357 | D:4      | Found a radiant altar of Vehumet.
  3374 | D:4      | Reached skill level 3 in Maces & Flails
  3428 | D:4      | Found a basalt altar of Yredelemnul.
  3641 | D:5      | Entered Level 5 of the Dungeon
  3768 | D:5      | Noticed a sky beast
  3784 | D:5      | Killed a sky beast
  3794 | D:5      | Noticed an ice beast
  3917 | D:5      | Gained mutation: Your demonic aura often causes spilled
                  | blood to erupt in flames. [demonic ancestry]
  3917 | D:5      | Reached XP level 7. HP: 53/53 MP: 7/7
  4024 | D:5      | Reached skill level 4 in Maces & Flails
  4067 | D:5      | Noticed Prince Ribbit
  4074 | D:5      | Killed Prince Ribbit
  4083 | D:5      | Found a runed translucent gate.
  4083 | D:5      | Found a runed translucent gate.
  4083 | D:5      | Found a runed translucent gate.
  4087 | D:5      | Noticed nshep25's ghost (novice DECj)
  4132 | D:5      | Noticed a yak
  4134 | D:5      | Noticed a yak
  4134 | D:5      | Noticed a yak
  4143 | D:5      | Noticed a yak
  4144 | D:5      | Noticed a yak
  4146 | D:5      | Noticed a yak
  4149 | D:5      | Killed a yak
  4150 | D:5      | Gained mutation: You sometimes gain power by taking damage.
                  | [demonic ancestry]
  4150 | D:5      | Reached XP level 8. HP: 16/61 MP: 8/8
  4153 | D:5      | HP: 1/61 [yak (4)]
  4156 | D:5      | Reached skill level 5 in Maces & Flails
  4158 | D:5      | Slain by a yak

Illustrated notes

Levels and vault maps discovered:
D:1:      reono_arrival_mine, layout_rooms,
          shapermc_ecumenical_altar_starsandcircs
D:2:      layout_basic, uniq_terence
D:3:      layout_basic, biasface_ghost_orc_armoury
D:4:      layout_loops_corners, vehumet_crystals,
          yredelemnul_forgotten_temple_becter, serial_shops,
          nicolae_take_the_stairs
D:5:      layout_cave_pools, mainiacjoe_overflow_big_doors,
          gammafunk_ghost_nasty_kobolds, uniq_prince_ribbit1

Skill      XL: |  1  2  3  4  5  6  7  8 |
---------------+-------------------------+-----
Throwing       | 2 3 4 |  4.2
Dodging        | 3 4 |  4.9
Axes           | 3 |  3.0
Maces & Flails | 1 2 3 4 5 |  5.2
Fighting       | 3 4 |  4.7

Action                   |  1- 3 |  4- 6 |  7- 9 || total
-------------------------+-------+-------+-------++-------
Melee: War axe           |    66 |       |       ||    66
       Tailslap          |     7 |     4 |     7 ||    18
       Whip              |    13 |    86 |    33 ||   132
       Punch             |       |       |     1 ||     1
Throw: Javelin           |     3 |     7 |     2 ||    12
       Throwing net      |     1 |     1 |       ||     2
  Use: Scroll            |     2 |     5 |     1 ||     8
       Potion            |       |     3 |     1 ||     4
 Stab: Sleeping          |     2 |       |       ||     2
       Held in net/web   |       |     1 |       ||     1
Armor: Leather armour    |    20 |    11 |     6 ||    37
Dodge: Dodged            |    52 |    37 |    19 ||   108
